 Dungeon Crawl Stone Soup version 0.29.1-14-g9c671dbff4 (webtiles) character file.

Game seed: 4756529272037316323

135 Thatpatchoflichen the Trooper (level 4, -2/41 HPs)
             Began as a Minotaur Berserker on Feb 13, 2023.
             Was a Believer of Trog.
             Slain by a gnoll
             ... wielding a +0 whip
              (4 damage)
             ... on level 3 of the Dungeon.
             The game lasted 00:03:12 (1879 turns).

Thatpatchoflichen the Trooper (Minotaur Berserker)  Turns: 1879, Time: 00:03:13

Health: -2/41      AC: 13    Str: 24    XL:     4   Next: 96%
Magic:  3/3        EV: 12    Int:  4    God:    Trog [**....]
Gold:   141        SH:  0    Dex:  9    Spells: 3/3 levels left

rFire   . . .      SeeInvis .   a - +0 hand axe
rCold   . . .      Faith    .   (no shield)
rNeg    . . .      Spirit   .   r - +2 leather armour {Will+}
rPois   .          Reflect  .   (helmet restricted)
rElec   .          Harm     .   (no cloak)
rCorr   .          Rampage  .   e - +0 pair of gloves
Will    +....                   m - +2 pair of boots
Stlth   +.........              (no amulet)
HPRegen 0.13/turn               n - +4 ring of protection
MPRegen 0.08/turn               (no ring)

@: no status effects
A: horns 2, retaliatory headbutt
a: Renounce Religion, Berserk, Trog's Hand


You were on level 3 of the Dungeon.
You worshipped Trog.
Trog was pleased with you.
You visited 1 branch of the dungeon, and saw 3 of its levels.

You collected 141 gold pieces.

Inventory:

Hand Weapons
 a - a +0 hand axe (weapon)
Missiles
 c - 5 poisoned darts (quivered)
Armour
 e - a +0 pair of gloves (worn)
 m - a +2 pair of boots (worn)
 r - a +2 leather armour of willpower (worn)
Jewellery
 n - a +4 ring of protection (left hand)
Wands
 q - a wand of polymorph (10)
Scrolls
 b - a scroll of teleportation {unknown}
 d - 3 scrolls of identify {unknown}
 i - a scroll of amnesia {unknown}
 k - a scroll of enchant armour {unknown}
 l - 5 scrolls of immolation {unknown}
Potions
 f - 3 potions of might {unknown}
 g - a potion of mutation {unknown}
 h - a potion of berserk rage {unknown}
 j - 3 potions of curing {unknown}
 o - a potion of resistance {unknown}
 p - a potion of haste {unknown}
 s - a potion of brilliance {unknown}


   Skills:
 + Level 4.6 Fighting
 + Level 4.6 Axes
 + Level 3.7 Armour
 + Level 3.4 Dodging


You had 3 spell levels left.
You didn't know any spells.
Your spell library was empty.

Dungeon Overview and Level Annotations

Branches:
Dungeon (3/15)

Altars:


Innate Abilities, Weirdness & Mutations

You have a pair of horns on your head.
You reflexively headbutt those who attack you in melee.


Message History

The gnoll closely misses you. The gnoll misses you.
You slash the gnoll!
The gnoll is severely wounded.
You hit the gnoll. You closely miss the gnoll.
The gnoll hits you with a +0 spear! The gnoll hits you with a +0 flail!
The gnoll hits you with a +0 whip.
You hit the gnoll.
You kill the gnoll!
Trog accepts your kill.
You barely miss the gnoll. You completely miss the gnoll.
The gnoll completely misses you. The gnoll hits you with a +0 whip.
The gnoll hits you with a +0 flail. The gnoll hits you but does no damage.
You see here a +0 spear.
The gnoll hits you but does no damage. The gnoll barely misses you.
The gnoll hits you with a +0 whip.
* * * LOW HITPOINT WARNING * * *
You hit the gnoll.
The gnoll is lightly wounded.
You hit the gnoll. x2; The gnoll closely misses you.
You furiously retaliate!
You headbutt the gnoll! The gnoll barely misses you.
The gnoll hits you but does no damage.
You hit the gnoll.
You kill the gnoll!
Trog accepts your kill.
You slash the gnoll! You hit the gnoll but do no damage.
The gnoll barely misses you. x2
The gnoll hits you with a +0 flail.
* * * LOW HITPOINT WARNING * * *
The gnoll completely misses you.
You see here a +0 spear.
You hit the gnoll.
The gnoll is almost dead.
You barely miss the gnoll. The gnoll hits you but does no damage.
The gnoll closely misses you.
You hit the gnoll but do no damage.
The gnoll is almost dead.
You hit the gnoll. The gnoll hits you with a +0 flail!
* * * LOW HITPOINT WARNING * * *
The gnoll hits you with a +0 whip.
You die...

#..........#+#... .#
#.........
#....##..........#.#.#
##########
#................#.#.#
####...:.........#.# #
..##.............#.#.#
....†.##+#.......#.#.#.#
......# #.............
......# #......g).#.###
......# #......@.....$#
......##+#.###..g..#.#.#
......#.....##.......#
............#...##.#.#
............#.... .#.#
............#....### #
#.#...............
..#....^...........
....#...........


You could see 2 gnolls.

Vanquished Creatures
  Robin (D:2)
  3 gnolls
  3 adders (D:2)
  A worm (D:2)
  2 dart slugs
  4 bats
  4 endoplasms
  A giant cockroach (D:1)
  15 goblins
  9 hobgoblins
  3 kobolds
  2 quokkas
  4 ball pythons
  2 frilled lizards (D:2)
  2 rats
56 creatures vanquished.

Vanquished Creatures (others)
  A fungus (D:2)
1 creature vanquished.

Grand Total: 57 creatures vanquished

Notes
Turn   | Place    | Note
-------+----------+-------------------------------------------
     0 | D:1      | Thatpatchoflichen the Minotaur Berserker began the quest
                  | for the Orb.
     0 | D:1      | Reached XP level 1. HP: 19/19 MP: 0/0
   224 | D:1      | Reached XP level 2. HP: 23/27 MP: 1/1
   843 | D:2      | Reached XP level 3. HP: 26/33 MP: 2/2
   849 | D:2      | Reached ** piety under Trog
  1236 | D:2      | Reached XP level 4. HP: 40/41 MP: 3/3
  1264 | D:2      | Noticed Robin
  1274 | D:2      | Killed Robin
  1730 | D:2      | Found a faded altar of an unknown god.
  1879 | D:3      | HP: 2/41 [gnoll/+0 flail (8)]
  1879 | D:3      | Slain by a gnoll

Illustrated notes

Levels and vault maps discovered:
D:1:      co_arrival_square_in_a_square_in_a_square, layout_basic, nrook_uturn
D:2:      layout_rooms, shapermc_ecumenical_altar_mp_urbaneastern,
          minmay_split_cup_large, uniq_robin
D:3:      minmay_razor_zed, layout_basic

Skill      XL: |  1  2  3 |
---------------+----------+-----
Fighting       | 4 |  4.6
Axes           | 4 |  4.6
Armour         | 3 |  3.7
Dodging        | 3 |  3.4

Action                   |  1- 3 |  4- 6 || total
-------------------------+-------+-------++-------
Melee: Hand axe          |    51 |    36 ||    87
       Headbutt          |     4 |     8 ||    12
Invok: Berserk           |       |     1 ||     1
Armor: Animal skin       |    27 |       ||    27
       Leather armour    |       |     8 ||     8
       Ring mail         |       |     5 ||     5
Dodge: Dodged            |    66 |    22 ||    88
